 Dungeon Crawl Stone Soup version 0.31-a0-222-gefeffbb62a (webtiles) character file.

Game seed: 18289032118067194363

1439 qw the Cleaver (level 8, -1/51 HPs)
             Began as a Gargoyle Fighter on July 4, 2023.
             Slain by a two-headed ogre
             ... wielding a +0 giant club
              (16 damage)
             ... on level 5 of the Dungeon.
             The game lasted 00:02:16 (4227 turns).

qw the Cleaver (Gargoyle Fighter)                   Turns: 4227, Time: 00:02:17

Health: -1/51      AC: 18    Str: 22    XL:     8   Next: 74%
Magic:  0/8        EV:  8    Int:  9    God:
Gold:   209        SH:  4    Dex:  9    Spells: 7/7 levels left

rFire   . . .        Y - +3 war axe
rCold   + . .        c - +0 buckler
rNeg    + . .        e - +0 chain mail
rPois   inf          (no helmet)
rElec   +            n - +0 cloak
rCorr   .            k - +0 pair of gloves
SInv    +            b - +0 pair of boots of the Several Places {Regen+}
Will    .....        m - amulet of guardian spirit Stlth
                     i - ring of see invisible
HPRegen 1.08/turn    (no ring)
MPRegen 0.11/turn

%: guardian spirit
@: no status effects
A: sickness immunity, AC +5, negative energy resistance 1, electricity
resistance, torment resistance 1, petrification resistance, cold resistance 1
a: no special abilities


You were on level 5 of the Dungeon.
You visited 1 branch of the dungeon, and saw 6 of its levels.

You collected 209 gold pieces.


Innate Abilities, Weirdness & Mutations

You are immune to sickness and miasma.
Your stone body is resilient. (AC +5)
You are immune to poison.
You resist negative energy. (rN+)
You are resistant to electric shocks. (rElec)
You are resistant to unholy torment.
You are immune to petrification.
Your flesh is cold resistant. (rC+)


   Skills:
 + Level 5.8 Fighting
 - Level 8.1 Axes
 - Level 4.0 Armour
 - Level 2.5 Dodging
 - Level 3.2 Shields


You had 7 spell levels left.
You didn't know any spells.
Your spell library was empty.

Inventory:

Hand Weapons
 l - a +0 flail
 Y - a +3 war axe (weapon)
Armour
 b - the +0 pair of boots of the Several Places (worn) {Regen+}
   (You acquired it on level 3 of the Dungeon)

   Regen:     It increases your rate of health regeneration.
 c - a +0 buckler (worn)
 e - a +0 chain mail (worn)
 k - a +0 pair of gloves (worn)
 n - a +0 cloak (worn)
Jewellery
 i - a ring of see invisible (left hand)
 m - an amulet of guardian spirit (around neck)
 q - a ring of fire
Scrolls
 f - a scroll of identify
Potions
 a - 3 potions of lignification
 d - 2 potions of might
 j - 2 potions of curing
 p - a potion of haste

Dungeon Overview and Level Annotations

Branches:
Dungeon (6/15)
 Temple: D:4-7

Altars:
Wu Jian
Yredelemnul

Annotations:
D:3 1 runed translucent door, Crazy Yiuf


Message History

Done exploring.
Enter note:
Enter note:
Enter note:
Enter note:
Enter note:
Enter note:
Enter note:
Enter note:
Enter note: Done exploring.
(D) Dungeon
Where to? (* - list waypoints, Enter - D:5, ? - help)
What level of the Dungeon? (default 1, ? - help)
There is a stone staircase leading down here.
You climb downwards.
The two-headed ogre shouts in stereo!
There is a stone staircase leading up here.
A two-headed ogre is nearby!
Waypoint 5 assigned to D:6.
An ufetubus comes into view.
The ufetubus shouts!
You slash the two-headed ogre!
The two-headed ogre is lightly wounded.
You block the two-headed ogre's attack. The two-headed ogre barely misses you.
You barely miss the two-headed ogre.
The two-headed ogre is lightly wounded.
You hit the two-headed ogre.
The two-headed ogre is moderately wounded.
The two-headed ogre hits you with a +0 giant club!!
The two-headed ogre hits you with a +0 giant club!
4225 ||| STAIRDANCE The two-headed ogre barely misses you.
The two-headed ogre hits you with a +0 giant club!
You climb upwards.
There is a stone staircase leading down here.
You hit the two-headed ogre.
The two-headed ogre is moderately wounded.
The two-headed ogre hits you with a +0 giant club!
You die...

#..# #.......[..#...# #........
#..# ###........#...# ##......#
##.## #........###.#####.......
#..## #....[.....#.....#....#.#
#...# #........#.#.###.#...##..
#.#.# #........#.#..##..)..####
#.#.# #........#..#.####.......
#.#.# #........##.#........###.
##.#.####.......@##.###..#.#.###.
#........###...O###.###.)))#...##
#........# ####..##.##..)..###.#
######...# #...........#.<# #.#
##.##...####..)))....#...####.##
#.~~#...................####....
#P.~#....###........#....##.....
#~.~#.#.####....#####.##########
##~##...........###~#.#l#l.~~.##


You could see a two-headed ogre.

Vanquished Creatures
  Pikel (D:5)
  Sigmund (D:3)
  2 ogres
  A lemure (D:5)
  2 scorpions (D:5)
  2 hounds
  A jelly (D:5)
  2 iguanas (D:5)
  2 orc priests
  Ijyb (D:3)
  2 orc wizards (D:5)
  Natasha (thrice) (D:3)
  6 adders
  2 ufetubi (D:5)
  A worm (D:4)
  4 dart slugs
  15 orcs
  9 endoplasms
  4 giant cockroaches
  11 goblins
  9 hobgoblins
  6 jackals
  4 quokkas
  6 ball pythons
  4 bats
  9 frilled lizards
  7 kobolds
  7 rats
124 creatures vanquished.

Notes
Turn   | Place    | Note
-------+----------+-------------------------------------------
     0 | D:1      | qw the Gargoyle Fighter began the quest for the Orb.
     0 | D:1      | Reached XP level 1. HP: 14/14 MP: 1/1
     0 | D:1      | 0 ||| qw: Version: 0.3-a-46-gb1f654a
     0 | D:1      | 0 ||| qw: Game counter: 892
     0 | D:1      | 0 ||| qw: Melee chars always use a shield: true
     0 | D:1      | 0 ||| qw: God list: Okawaru
     0 | D:1      | 0 ||| qw: Allow faded altars: false
     0 | D:1      | 0 ||| qw: Do Orc after clearing Dungeon:15 true
     0 | D:1      | 0 ||| qw: Do second Lair branch before Depths: true
     0 | D:1      | 0 ||| qw: Lair rune preference: random
     0 | D:1      | 0 ||| qw: Goals: Normal, Zot:1-4, Slime:5, God:TSO, Crypt,
                  | Tomb, Abyss, Pan, Hells, Win
     0 | D:1      | 0 ||| PLANNING D:1-11
    40 | D:1      | 40 ||| Stepping ~*~*~tactically~*~*~ (hiding).
    48 | D:1      | Reached skill level 2 in Axes
   152 | D:1      | 152 ||| Stepping ~*~*~tactically~*~*~ (stealth).
   160 | D:1      | Reached XP level 2. HP: 16/19 MP: 2/2
   276 | D:1      | 276 ||| Stepping ~*~*~tactically~*~*~ (stealth).
   277 | D:1      | 277 ||| Stepping ~*~*~tactically~*~*~ (stealth).
   498 | D:1      | 498 ||| Stepping ~*~*~tactically~*~*~ (hiding).
   510 | D:1      | Reached skill level 3 in Axes
   556 | D:1      | Reached XP level 3. HP: 23/23 MP: 3/3
   831 | D:1      | 831 ||| DROPPING orb of wrath.
   832 | D:1      | 832 ||| UPGRADING to +0 pair of gloves.
   837 | D:1      | 837 ||| UPGRADING to +0 cloak.
   842 | D:1      | 842 ||| UPGRADING to amulet of guardian spirit.
   847 | D:1      | 847 ||| UPGRADING to ring of see invisible.
   848 | D:1      | 848 ||| READING scroll labelled VIUJISCH YMANT.
   849 | D:1      | 849 ||| READING scroll labelled ILIAVI DET.
   948 | D:2      | 948 ||| DROPPING +0 whip.
  1078 | D:2      | 1078 ||| Stepping ~*~*~tactically~*~*~ (stealth).
  1330 | D:2      | Reached XP level 4. HP: 28/28 MP: 4/4
  1399 | D:2      | 1399 ||| READING scroll of enchant weapon.
  1399 | D:2      | 1399 ||| ENCHANTING +1 war axe.
  1419 | D:2      | Reached skill level 4 in Axes
  1720 | D:2      | 1720 ||| READING scroll labelled UDWOSE COFIOX.
  1721 | D:2      | 1721 ||| READING scroll labelled KUEJIL RANI.
  1734 | D:2      | 1734 ||| READING scroll labelled JUSICR QAUHO.
  1735 | D:2      | 1735 ||| DRINKING 3 clear potions.
  1768 | D:2      | 1768 ||| DRINKING 4 yellow potions.
  1769 | D:2      | 1769 ||| DRINKING 2 viscous black potions.
  1769 | D:2      | Gained mutation: Armour fits poorly on your strangely
                  | shaped body. [potion of mutation]
  1769 | D:2      | Gained mutation: You occasionally lose the ability to read
                  | scrolls when taking damage. [potion of mutation]
  1769 | D:2      | Lost mutation: You occasionally lose the ability to read
                  | scrolls when taking damage. [potion of mutation]
  1770 | D:2      | 1770 ||| DRINKING potion of mutation.
  1770 | D:2      | Lost mutation: Armour fits poorly on your strangely shaped
                  | body. [potion of mutation]
  1770 | D:2      | Gained mutation: Your flesh is cold resistant. (rC+)
                  | [potion of mutation]
  1771 | D:2      | 1771 ||| DROPPING 3 potions of degeneration.
  1799 | D:3      | Noticed Natasha
  1801 | D:3      | Killed Natasha
  1882 | D:3      | Reached XP level 5. HP: 32/32 MP: 5/5
  1956 | D:3      | Noticed Natasha
  1969 | D:3      | Killed Natasha
  2126 | D:3      | Noticed Ijyb
  2140 | D:3      | HP: 6/32 [Ijyb/bolt of acid (8)]
  2141 | D:3      | Killed Ijyb
  2142 | D:3      | Reached skill level 5 in Axes
  2265 | D:3      | Noticed Natasha
  2266 | D:3      | 2266 ||| Stepping ~*~*~tactically~*~*~ (hiding).
  2278 | D:3      | Killed Natasha
  2333 | D:3      | 2333 ||| Stepping ~*~*~tactically~*~*~ (hiding).
  2335 | D:3      | 2335 ||| Stepping ~*~*~tactically~*~*~ (hiding).
  2480 | D:3      | 2480 ||| Stepping ~*~*~tactically~*~*~ (stealth).
  2482 | D:3      | 2482 ||| Stepping ~*~*~tactically~*~*~ (stealth).
  2487 | D:3      | Reached XP level 6. HP: 38/38 MP: 6/6
  2490 | D:3      | 2490 ||| Stepping ~*~*~tactically~*~*~ (stealth).
  2545 | D:3      | Noticed Sigmund
  2561 | D:3      | Killed Sigmund
  2632 | D:3      | 2632 ||| READING scroll of enchant weapon.
  2632 | D:3      | 2632 ||| ENCHANTING +2 war axe.
  2659 | D:3      | Found a runed translucent door.
  2660 | D:3      | Noticed Crazy Yiuf
  2812 | D:3      | 2812 ||| UPGRADING to +0 chain mail.
  2822 | D:3      | 2822 ||| DROPPING +0 scale mail.
  2823 | D:3      | 2823 ||| READING scroll labelled ZOWKUO QOZU.
  2823 | D:3      | Identified a scroll of acquirement
  2823 | D:3      | 2823 ||| ACQUIRING +0 pair of boots of the Several Places
                  | {Regen+}
  2823 | D:3      | Acquired the +0 pair of boots of the Several Places
                  | {Regen+}
  2825 | D:3      | 2825 ||| UPGRADING to +0 pair of boots of the Several
                  | Places {Regen+}.
  2830 | D:3      | 2830 ||| READING 4 scrolls of identify.
  2830 | D:3      | 2830 ||| IDENTIFYING silvery potion
  2831 | D:3      | 2831 ||| READING 3 scrolls of identify.
  2831 | D:3      | 2831 ||| IDENTIFYING pink potion
  2832 | D:3      | 2832 ||| READING 2 scrolls of identify.
  2832 | D:3      | 2832 ||| IDENTIFYING brown potion
  2833 | D:3      | 2833 ||| DROPPING potion of brilliance.
  3064 | D:4      | Reached XP level 7. HP: 34/43 MP: 5/7
  3098 | D:4      | Found an ornate altar of the Wu Jian Council.
  3401 | D:4      | Reached skill level 6 in Axes
  3406 | D:4      | Found a basalt altar of Yredelemnul.
  3511 | D:4      | 3511 ||| DROPPING ring of magical power.
  3532 | D:5      | Entered Level 5 of the Dungeon
  3532 | D:5      | Noticed Pikel
  3534 | D:5      | 3534 ||| Stepping ~*~*~tactically~*~*~ (stealth).
  3545 | D:5      | Killed Pikel
  3546 | D:5      | Reached skill level 7 in Axes
  3546 | D:5      | Reached XP level 8. HP: 35/48 MP: 4/8
  3557 | D:5      | HP: 10/49 [orc/+3 hand axe (4)]
  3653 | D:5      | 3653 ||| Stepping ~*~*~tactically~*~*~ (stealth).
  3657 | D:5      | 3657 ||| Stepping ~*~*~tactically~*~*~ (hiding).
  3658 | D:5      | 3658 ||| Stepping ~*~*~tactically~*~*~ (hiding).
  3659 | D:5      | 3659 ||| Stepping ~*~*~tactically~*~*~ (hiding).
  3789 | D:5      | 3789 ||| DRINKING 3 potions of curing.
  3789 | D:5      | 3789 ||| (to cure confusion)
  3878 | D:5      | Reached skill level 8 in Axes
  4215 | D:6      | Noticed a two-headed ogre
  4225 | D:6      | 4225 ||| STAIRDANCE
  4225 | D:6      | HP: 12/51 [two-headed ogre/+0 giant club (6)]
  4227 | D:5      | Slain by a two-headed ogre

Levels and vault maps discovered:
D:1:      scummos_arrival_simple_fountains, layout_loops_ring
D:2:      layout_basic, dk_vineyard_2
D:3:      layout_basic, grunt_ministairs_2, kennysheep_cross_room, uniq_sigmund,
          uniq_crazy_yiuf_cottage, uniq_natasha, uniq_ijyb
D:4:      layout_cave_pods, marbit_many_paths,
          mainiacjoe_overflow_surrounded_room
D:5:      layout_rooms, serial_aquarium, aquarium_bridge_square
          [aquarium_subvault_bridge, aquarium_subvault_bridge,
          aquarium_subvault_wall, aquarium_subvault_balcony],
          aquarium_bridge_long_joined [aquarium_subvault_bridge,
          aquarium_subvault_bridge, aquarium_subvault_balcony,
          aquarium_subvault_window, aquarium_subvault_bridge,
          aquarium_subvault_wall], aquarium_window_fake, aquarium_window_corner,
          aquarium_view_2e, aquarium_balcony_1b, uniq_pikel
D:6:      layout_basic, vehumet_altar_wand_db, minmay_temple_entry_hall,
          uniq_maggie

Skill      XL: |  1  2  3  4  5  6  7  8 |
---------------+-------------------------+-----
Axes           | 2 3 4 5 7 8 |  8.1
Fighting       | 4 5 |  5.8
Dodging        | 2 |  2.5
Armour         | 4 |  4.0
Shields        | |  3.2

Action                     |  1- 3 |  4- 6 |  7- 9 || total
---------------------------+-------+-------+-------++-------
  Melee: War axe           |   124 |   133 |    89 ||   346
    Use: Scroll            |     2 |     9 |       ||    11
         Potion            |       |     4 |     1 ||     5
 Armour: Scale mail        |    46 |    61 |       ||   107
         Chain mail        |       |     7 |    57 ||    64
  Dodge: Dodged            |    47 |    77 |    44 ||   168
  Block: Buckler           |    16 |    21 |    16 ||    53

Table legend:
 A = Non-vault XP
 B = Vault XP
 C = Vault XP percentage of total XP
 D = Non-vault monster count
 E = Vault monster count
 F = Vault count percentage of total count
                 A         B        C        D         E       F
            +---------+---------+-------+---------+---------+-------
      Total |    1073 |     984 |  47.8 |     116 |       7 |   5.7
            +---------+---------+-------+---------+---------+-------
        D:1 |      60 |       0 |   0.0 |      35 |       0 |   0.0
        D:2 |      58 |       0 |   0.0 |      30 |       0 |   0.0
        D:3 |     138 |     290 |  67.8 |      16 |       5 |  23.8
        D:4 |     198 |      43 |  17.8 |      13 |       1 |   7.1
        D:5 |     619 |     651 |  51.3 |      22 |       1 |   4.3
            +---------+---------+-------+---------+---------+-------
